 Dungeon Crawl Stone Soup version 0.31-a0-881-ge136f0c47a (webtiles) character file.

Game seed: 17759914391113118583

21563 Error4North the Cleaver (level 12, -2/108 HPs)
             Began as a Hill Orc Fighter on Sept 12, 2020.
             Was a High Priest of Okawaru.
             Killed from afar by a deep elf zephyrmancer (5 damage)
             ... with a bolt of lightning
             ... on level 1 of the Elven Halls on Oct 16, 2023.
             The game lasted 01:30:29 (11966 turns).

Error4North the Cleaver (Hill Orc Fighter)         Turns: 11966, Time: 01:30:29

Health: -2/108     AC: 24    Str: 21    XL:     12   Next: 91%
Magic:  0/18       EV: 15    Int: 12    God:    Okawaru [*****.]
Gold:   1226       SH: 13    Dex: 13    Spells: 11/11 levels left

rFire   + . .        s - +4 flail of Courage {vamp, Int+2}
rCold   + . .        c - +0 kite shield
rNeg    . . .        A - +4 chain mail {rPois}
rPois   +            (no helmet)
rElec   +            F - +1 cloak
rCorr   +            n - +1 pair of gloves {Dex+3}
SInv    .            w - +0 pair of boots
Will    .....        m - amulet of guardian spirit
Stlth   +            k - ring of stealth
HPRegen 0.38/turn    u - +4 ring of evasion
MPRegen 0.16/turn

%: guardian spirit
@: resistant, heroic
A: no striking features
a: Renounce Religion, Heroism, Finesse, Duel


You were on level 1 of the Elven Halls.
You worshipped Okawaru.
Okawaru was extremely pleased with you.
You visited 4 branches of the dungeon, and saw 13 of its levels.

You collected 1586 gold pieces.
You spent 360 gold pieces at shops.

Inventory:

Hand Weapons
 s - the +4 flail of Courage (weapon) {vamp, Int+2}
   (You found it on level 4 of the Dungeon)

   Int+2:     It affects your intelligence (+2).
 L - a +5 war axe
Missiles
 o - 9 boomerangs (quivered)
 p - 3 datura-tipped darts
Armour
 c - a +0 kite shield (worn)
 n - a +1 pair of gloves of dexterity (worn)
 w - a +0 pair of boots (worn)
 A - a +4 chain mail of poison resistance (worn)
 F - a +1 cloak (worn)
Jewellery
 k - a ring of stealth (left hand)
 m - an amulet of guardian spirit (around neck)
 u - a +4 ring of evasion (right hand)
Wands
 a - a wand of flame (9)
 i - a wand of removedness (35)
 r - a wand of charming (18)
 z - a wand of paralysis (17)
 C - a wand of iceblast (7)
 G - a wand of acid (6)
 I - a wand of polymorph (6)
Scrolls
 b - 5 scrolls of removedness
 e - 7 scrolls of identify
 f - 2 scrolls of enchant weapon
 h - 3 scrolls of enchant armour
 j - a scroll of revelation
 l - 7 scrolls of teleportation
 q - a scroll of removedness
 v - a scroll of holy word
 y - 4 scrolls of amnesia
Potions
 d - 3 potions of might
 g - 2 potions of lignification
 t - 4 potions of enlightenment


   Skills:
 * Level 10.7(15.7) Fighting
 + Level 11.5(18.3) Axes
 + Level 9.3(16.1) Maces & Flails
 + Level 0.5(5.5) Throwing
 * Level 9.4(14.4) Armour
 + Level 4.1(9.1) Dodging
 + Level 0.9(5.9) Stealth
 * Level 10.2(15.2) Shields
 * Level 8.5 Invocations
 + Level 4.8 Evocations


You had 11 spell levels left.
You didn't know any spells.
Your spell library contained the following spells:

 Spells                   Type           Power      Damage    Failure   Level
 Bolt of Magma            Conj/Fire/Erth 0%         4d4       100%        5
 Iskenderun's Battlesphe  Conj           0%         2d6       100%        5
 Bombard                  Conj/Erth      0%         9d1       100%        6
 Orb of Destruction       Conj           0%         9d5       100%        7
 Spellforged Servitor     Conj/Summ      Unusable   N/A       N/A         7

Dungeon Overview and Level Annotations

Branches:
Dungeon (9/15)             Temple (1/1) D:5             Orc (2/2) D:9
    Elf (1/3) Orc:2
   Lair: D:8-11

Altars:
Ashenzari
Cheibriados
Dithmenos
Elyvilon
Fedhas
Gozag
Hepliaklqana
Kikubaaqudgha
Makhleb
Nemelex Xobeh
Okawaru
Qazlal
Ru
Sif Muna
Trog
Uskayaw
Vehumet
Wu Jian
Xom
Yredelemnul
Zin
The Shining One
Beogh

Shops:
D:6 [   Orc:2 *((:?

Annotations:
D:9 1 runed translucent door
Orc:1 2 transporters, Fihoig's ghost, adept TeFE


Message History

You block the +1 scimitar of freezing's attack.
You hit the +1 scimitar of freezing but do no damage.
The +1 scimitar of freezing is severely damaged.
The +1 scimitar of freezing hits you but does no damage.
You hit the +1 scimitar of freezing but do no damage.
The +1 scimitar of freezing is severely damaged.
The +1 scimitar of freezing hits you!
* * * LOW HITPOINT WARNING * * *
The +1 scimitar of freezing freezes you.
* * * LOW HITPOINT WARNING * * *
You hit the +1 scimitar of freezing.
The +1 scimitar of freezing is severely damaged.
The +1 scimitar of freezing hits you but does no damage.
The deep elf pyromancer casts a spell.
You sock the +1 scimitar of freezing!
The +1 scimitar of freezing falls from the air.
Okawaru is honoured by your kill.
Your surroundings suddenly seem different. 4 elves and a water elemental come into view.
Found 24 gold pieces.
The deep elf archer shouts!
The deep elf pyromancer shouts!
It was a potion of resistance.
You feel protected.
A deep elf knight comes into view.
It is wielding a +0 short sword and wearing a +1 buckler of cold resistance.
A deep elf pyromancer comes into view. It is wielding a +0 rapier.
The deep elf pyromancer mumbles some strange words.
The deep elf pyromancer blinks!
The deep elf archer mumbles some strange words.
The deep elf archer blinks!
The deep elf knight gestures at you while chanting.
The shard of ice hits you! You partially resist.
* * * LOW HITPOINT WARNING * * *
The water elemental hits you.
The water elemental engulfs you in water!
The deep elf pyromancer shouts!
You slip free of the water engulfing you.
You gasp with relief as air once again reaches your lungs.
The deep elf zephyrmancer points at you and mumbles some strange words.
The bolt of lightning hits you. You resist.
You die...

#### #.§#
##..##
#.@eE#
##..$#
#§..e..
+e#..e...
#........
####.e...
#.### ##


You could see a deep elf archer (repels missiles), 2 deep elf knights, a water
elemental, a deep elf pyromancer and a deep elf zephyrmancer.

Vanquished Creatures
  Harold (D:7)
  A dancing weapon (Elf:1)
  A deep elf knight (Elf:1)
  Pikel (D:6)
  4 deep elf zephyrmancers (Elf:1)
  8 orc knights (Orc:2)
  A deep elf pyromancer (Elf:1)
  3 orc sorcerers
  Maurice (D:8)
  Joseph (D:7)
  7 trolls
  A wyvern (D:9)
  7 wargs
  A water moccasin (D:8)
  37 orc warriors
  2 sky beasts
  11 ogres
  A phantom (D:8)
  2 necrophages
  7 centaurs
  2 lemures (D:5)
  A gnoll sergeant (D:8)
  7 bullfrogs
  4 scorpions
  9 killer bees (D:8)
  4 howler monkeys
  17 wights
  7 hounds
  5 jellies
  10 orc wizards
  15 orc priests
  3 bullfrog skeletons
  A centaur skeleton (D:2)
  Jessica (D:3)
  2 iguanas (D:6)
  5 removed worker ants
  A hound zombie (D:6)
  3 hound skeletons
  A removed worker ant zombie (D:7)
  3 gnolls (D:8)
  7 river rats (D:5)
  13 adders
  3 shadow imps
  2 white imps
  2 ufetubi
  An endoplasm (D:2)
  An adder skeleton (D:8)
  5 worms
  3 dart slugs
  61 orcs
  5 removed leopard geckos
  3 ball pythons
  7 giant cockroaches
  11 goblins
  7 hobgoblins
  10 jackals
  10 kobolds
  13 quokkas
  9 bats
  4 frilled lizards
  19 rats
  A removed leopard gecko zombie (D:6)
396 creatures vanquished.

Notes
Turn   | Place    | Note
-------+----------+-------------------------------------------
     0 | D:1      | Error4North the Hill Orc Fighter began the quest for the
                  | Orb.
     0 | D:1      | Reached XP level 1. HP: 19/19 MP: 1/1
    64 | D:1      | Reached XP level 2. HP: 27/27 MP: 2/2
   161 | D:1      | Reached skill level 3 in Axes
   292 | D:1      | Reached XP level 3. HP: 32/33 MP: 3/3
   763 | D:2      | Reached XP level 4. HP: 39/40 MP: 4/4
   838 | D:2      | Reached skill level 4 in Axes
  1025 | D:2      | Found a shattered altar of Ashenzari.
  1116 | D:2      | Reached XP level 5. HP: 47/47 MP: 5/5
  1296 | D:2      | Upgraded the game from 0.26-a0-597-gb535b0901c to
                  | 0.26-a0-651-gb41185065b
  1476 | D:3      | Reached skill level 5 in Axes
  2139 | D:3      | Reached XP level 6. HP: 48/53 MP: 6/6
  2228 | D:3      | Noticed Jessica
  2240 | D:3      | Killed Jessica
  2554 | D:4      | Reached skill level 6 in Axes
  2576 | D:4      | You fall into a shaft and drop 1 floor!
  2576 | D:5      | Entered Level 5 of the Dungeon
  2578 | D:5      | Reached skill level 1 in Dodging
  2888 | D:5      | Reached XP level 7. HP: 37/60 MP: 4/7
  3103 | D:4      | Reached skill level 7 in Axes
  3110 | D:4      | Got a translucent mace
  3112 | D:4      | Identified the +6 mace of Mastery {vamp, rF- MR- Int+2
                  | Dex+7} (You found it on level 4 of the Dungeon)
  3113 | D:4      | Upgraded the game from 0.26-a0-651-gb41185065b to
                  | 0.26-a0-712-ga5a9c9c9d0
  3179 | D:4      | Reached skill level 5 in Fighting
  3277 | D:4      | Got a pitted flail
  3278 | D:4      | Identified the +4 flail of Courage {vamp, Int+2} (You found
                  | it on level 4 of the Dungeon)
  3761 | D:5      | Reached skill level 1 in Maces & Flails
  3762 | D:5      | Found a staircase to the Ecumenical Temple.
  3770 | Temple   | Entered the Ecumenical Temple
  3869 | Temple   | Became a worshipper of Warmaster Okawaru
  3921 | D:5      | Reached skill level 5 in Armour
  3921 | D:5      | Reached skill level 1 in Evocations
  4031 | D:5      | Reached XP level 8. HP: 59/68 MP: 6/8
  4331 | D:5      | Found a blossoming altar of Fedhas.
  4331 | D:5      | Found a shadowy altar of Dithmenos.
  4336 | D:5      | Found a snail-covered altar of Cheibriados.
  4338 | D:5      | Found a glowing golden altar of the Shining One.
  4340 | D:5      | Found a white marble altar of Elyvilon.
  4725 | D:6      | Reached skill level 1 in Invocations
  4912 | D:6      | Found Yjicheibru's Antique Armour Shop.
  4912 | D:6      | Noticed a troll
  5126 | D:6      | Noticed Pikel
  5464 | D:6      | Reached * piety under Okawaru
  5464 | D:6      | Reached skill level 5 in Shields
  5588 | D:6      | Killed Pikel
  5588 | D:6      | Reached ** piety under Okawaru
  5588 | D:6      | Reached skill level 5 in Maces & Flails
  5588 | D:6      | Reached XP level 9. HP: 71/73 MP: 7/11
  5740 | D:6      | Killed a troll
  6318 | D:6      | Bought a pair of glowing gloves for 180 gold pieces
  6318 | D:6      | Bought a shiny chain mail for 180 gold pieces
  6605 | D:7      | Noticed Joseph
  7018 | D:7      | Noticed Harold
  7047 | D:7      | Killed Harold
  7047 | D:7      | Reached XP level 10. HP: 82/82 MP: 11/13
  7148 | D:7      | Reached *** piety under Okawaru
  7395 | D:7      | Killed Joseph
  7578 | D:8      | Found a sparkling altar of Nemelex Xobeh.
  8467 | D:8      | Reached skill level 5 in Invocations
  8509 | D:9      | Noticed Maurice
  8540 | D:8      | Killed Maurice
  8552 | D:8      | Upgraded the game from 0.26-a0-712-ga5a9c9c9d0 to
                  | 0.26-a0-812-g31a745ddcd
  8758 | D:9      | Reached XP level 11. HP: 78/90 MP: 15/15
  8794 | D:8      | Reached **** piety under Okawaru
  8958 | D:9      | Found a runed translucent door.
  8967 | D:9      | Noticed an ettin
  9094 | D:9      | Reached skill level 8 in Axes
  9138 | D:9      | Found a staircase to the Orcish Mines.
  9348 | D:9      | Upgraded the game from 0.26-a0-812-g31a745ddcd to
                  | 0.29-a0-1019-g84f7d21838
  9566 | D:9      | Noticed a centaur warrior
  9687 | Orc:1    | Entered Level 1 of the Orcish Mines
  9689 | Orc:1    | Upgraded the game from 0.29-a0-1019-g84f7d21838 to
                  | 0.31-a0-881-ge136f0c47a
  9844 | Orc:1    | Noticed an orc sorcerer
  9851 | Orc:1    | Killed an orc sorcerer
 10035 | Orc:1    | You fall into a shaft and drop 1 floor!
 10035 | Orc:2    | Entered Level 2 of the Orcish Mines
 10068 | Orc:2    | Noticed an orc knight
 10072 | Orc:2    | Noticed an orc knight
 10074 | Orc:2    | Reached skill level 9 in Axes
 10087 | Orc:2    | Killed an orc knight
 10092 | Orc:2    | Killed an orc knight
 10094 | Orc:2    | Noticed an orc knight
 10108 | Orc:2    | Noticed an orc knight
 10108 | Orc:2    | Found Denen's General Store.
 10115 | Orc:2    | Killed an orc knight
 10156 | Orc:2    | Reached ***** piety under Okawaru
 10171 | Orc:2    | Found Elorug's Magic Scroll Boutique.
 10236 | Orc:1    | Found a transporter.
 10246 | Orc:1    | Noticed Fihoig's ghost (adept TeFE)
 10282 | Orc:1    | Found a transporter.
 10624 | Orc:2    | Noticed an orc knight
 10634 | Orc:2    | Killed an orc knight
 10635 | Orc:2    | Reached skill level 10 in Axes
 10635 | Orc:2    | Reached XP level 12. HP: 73/105 MP: 9/17
 10798 | Orc:2    | Found a staircase to the Elven Halls.
 10939 | Orc:2    | Reached skill level 10 in Fighting
 11049 | Orc:2    | Found Plog's Antique Weapon Boutique.
 11145 | Orc:2    | Found a roughly hewn altar of Beogh.
 11240 | Orc:2    | Reached skill level 11 in Axes
 11295 | Orc:2    | Found Ijoilit's Antique Weapon Shoppe.
 11295 | Orc:2    | Found Imet's Book Boutique.
 11720 | Orc:2    | Found a bloodstained altar of Trog.
 11859 | Elf:1    | Entered Level 1 of the Elven Halls
 11885 | Elf:1    | Reached skill level 10 in Shields
 11898 | Elf:1    | Noticed a deep elf knight
 11929 | Elf:1    | Killed a deep elf knight
 11929 | Elf:1    | Received a gift from Okawaru
 11942 | Elf:1    | Noticed a deep elf knight
 11964 | Elf:1    | Noticed a deep elf knight
 11965 | Elf:1    | Noticed a deep elf knight
 11965 | Elf:1    | HP: 3/108 [deep elf knight/shard of ice (13)]
 11966 | Elf:1    | Killed from afar by a deep elf zephyrmancer

Illustrated notes

Levels and vault maps discovered:
D:1:      ldierk_walled_garden_2, layout_loops_ring, minmay_distorted
D:2:      layout_loops_cross, evilmike_ruin_ashenzari
D:3:      layout_basic, uniq_jessica
D:4:      layout_basic
D:5:      lemuel_ratsnest, layout_loops_corners,
          chequers_temple_overflow_minitemple, minmay_temple_entry_waves,
          minmay_liquid_box
D:6:      layout_cave_pools, serial_shops, shop, minmay_chambers_of_fives,
          uniq_pikel
D:7:      layout_cave_pods, minmay_gold_behind_fungi, uniq_joseph, uniq_harold
D:8:      layout_basic, nemelex_xobeh_ov_fountains_minmay
D:9:      layout_rooms, erik_orc_3, minivault_13, uniq_maurice
Temple:   regret_index_temple_waves
Orc:1:    layout_diamond_mine, gammafunk_ghost_stat_death, nicolae_orc_lava_room
Orc:2:    st_orc_town, layout_diamond_mine, serial_shops, shop_statue,
          david_defended_altar_orc
Elf:1:    eino_elf_arrival_sip, layout_rooms,
          portal_desolation_entry_twin_temple, basic_altar, serial_shops,
          shop_fountains, hangedman_elven_crosses_minicolossus, minivault_11

Skill      XL: |  1  2  3  4  5  6  7  8  9 10 11 12 |
---------------+-------------------------------------+-----
Axes           | 3 4 5 6 7 10 11 | 11.5
Fighting       | 4 5 6 7 9 10 | 10.7
Armour         | 4 5 6 7 8 9 |  9.4
Shields        | 4 5 6 7 9 10 | 10.2
Dodging        | 1 2 3 4 |  4.1
Maces & Flails | 2 5 7 8 9 |  9.3
Evocations     | 1 2 3 4 |  4.8
Invocations    | 2 4 5 7 8 |  8.5
Throwing       | |  0.5
Stealth        | |  0.9

Action                     |  1- 3 |  4- 6 |  7- 9 | 10-12 || total
---------------------------+-------+-------+-------+-------++-------
  Melee: War axe           |    60 |   213 |    29 |   449 ||   751
         Flail             |       |       |   325 |   323 ||   648
  Throw: Boomerang         |       |       |       |     4 ||     4
 Invoke: Heroism           |       |       |     5 |    26 ||    31
         Finesse           |       |       |       |     3 ||     3
  Evoke: Wand              |       |       |       |     2 ||     2
    Use: Scroll            |       |     2 |     4 |    11 ||    17
         Potion            |       |     3 |       |     9 ||    12
 Armour: Scale mail        |    27 |   120 |   116 |       ||   263
         Skin              |       |     7 |       |    21 ||    28
         Chain mail        |       |       |    19 |   302 ||   321
  Dodge: Dodged            |    16 |    83 |   118 |   382 ||   599
  Block: Kite shield       |    28 |   129 |   203 |   477 ||   837

Table legend: (Time is in decaauts)
 A = Elapsed time spent in this place.
 B = Non-inter-level travel time spent in this place.
 C = Inter-level travel time spent in this place.
 D = Time resting spent in this place.
 E = Time spent auto-exploring this place.
 F = Levels seen in this place.
 G = Mean time per level.
                   A        B        C        D        E       F      G
               +--------+--------+--------+--------+--------+-----+--------+
         Total |  12002 |  11649 |    353 |   1598 |   3675 |  13 |  923.2 |
       Dungeon |   9665 |   9343 |    322 |   1357 |   3579 |   9 | 1073.9 |
        Temple |    132 |    101 |     31 |      0 |     95 |   1 |  132.0 |
  Orcish Mines |   2116 |   2116 |      0 |    241 |      0 |   2 | 1058.0 |
   Elven Halls |     87 |     87 |      0 |      0 |      0 |   1 |   87.0 |
               +--------+--------+--------+--------+--------+-----+--------+

Top non-repeatable levels by time:
     D:5: 2464 daAuts
   Orc:2: 1402 daAuts
     D:8: 1180 daAuts
     D:3: 944 daAuts
     D:2: 943 daAuts
     D:6: 933 daAuts
     D:7: 923 daAuts
     D:9: 911 daAuts
     D:4: 753 daAuts
   Orc:1: 713 daAuts
     D:1: 611 daAuts
  Temple: 132 daAuts
   Elf:1: 87 daAuts
